 Dungeon Crawl Stone Soup version 0.27.1-1-g398f81649c (webtiles) character file.

Game seed: 10279338778048646158

133175 bnorton916 the Bewitcher (level 16, -10/84 HPs)
             Began as a Deep Elf Conjurer on Sept 10, 2021.
             Was an Elder of Sif Muna.
             Shot with a bolt by a naga sharpshooter (22 damage)
             ... on level 1 of the Snake Pit.
             The game lasted 02:09:57 (73162 turns).

bnorton916 the Bewitcher (Deep Elf Conjurer)       Turns: 73162, Time: 02:09:59

Health: -10/84     AC: 15    Str: 10      XL:     16   Next: 59%
Magic:  14/36      EV: 21    Int: 29 (30) God:    Sif Muna [****..]
Gold:   960        SH:  7    Dex: 18 (19) Spells: 7/43 levels left

rFire    . . .     SeeInvis .   W - +9 staff of Olgreb {rPois∞}
rCold    . . .     Faith    .   F - +2 buckler
rNeg     + . .     Spirit   .   i - +0 troll leather armour
rPois    ∞         Reflect  .   C - +2 helmet
rElec    .         Harm     .   o - +2 cloak
rCorr    .         Rampage  .   t - +2 pair of gloves
Will     +....                  a - +0 pair of boots
Stlth    ++........             T - amulet of regeneration
HPRegen  2.24/turn              l - ring of Xom's Full Attention {rN+ Str+3 Dex+6}
MPRegen  0.25/turn              G - +4 ring of evasion

@: studying Hexes
A: talons 1, strong 1
a: Renounce Religion, Channel Magic, Forget Spell, Divine Exegesis


You were on level 1 of the Snake Pit.
You worshipped Sif Muna.
Sif Muna was greatly pleased with you.
You visited 5 branches of the dungeon, and saw 25 of its levels.
You also visited: Sewer and Ice Cave.

You collected 2092 gold pieces.
You spent 1132 gold pieces at shops.

Inventory:

Hand Weapons
 W - the +9 staff of Olgreb (weapon) {rPois∞}
   (You acquired it on level 14 of the Dungeon)

   If the wielder is skilled in Evocations, they can envenom those struck by it,
   dealing poison damage which bypasses armour.
   It enhances your poison magic.
   It grants immunity to poison.
   It can be evoked to radiate toxic energy, with effectiveness depending on
   Evocations skill.
Armour
 a - a +0 pair of boots (worn)
 i - a +0 troll leather armour (worn)
 o - a +2 cloak (worn)
 t - a +2 pair of gloves (worn)
 C - a +2 helmet (worn)
 F - a +2 buckler (worn)
 K - the +3 salamander hide armour {Flames rF++ rC--}
   (You found it on level 11 of the Dungeon)

   It surrounds you with a cloud of flames.
   It grants immunity to clouds of flame.
   It enhances your fire magic.
   rF:        It greatly protects you from fire.
   rC:        It makes you very vulnerable to cold.
Jewellery
 e - a +4 ring of protection
 j - a ring of flight
 l - the ring of Xom's Full Attention (left hand) {rN+ Str+3 Dex+6}
   (You found it on level 13 of the Dungeon)

   [ring of dexterity]

   Str:       It affects your strength (+3).
   Dex:       It affects your dexterity (+6).
   rN:        It protects you from negative energy.
 q - the ring of Ibet {Ice +Blink rElec Str+5}
   (You found it in an ice cave)

   [ring of ice]

   It enhances your ice magic.
   Str:       It affects your strength (+5).
   rF:        It makes you vulnerable to fire.
   rC:        It protects you from cold.
   rElec:     It insulates you from electricity.
   +Blink:    It lets you blink.
 G - a +4 ring of evasion (right hand)
 M - a +6 ring of intelligence
 R - a ring of protection from cold
 T - an amulet of regeneration (around neck)
 U - a +4 ring of evasion
Wands
 f - a wand of paralysis (54)
 y - a wand of flame (114)
 D - a wand of iceblast (14)
 E - a wand of polymorph (12)
 L - a wand of digging (5)
 N - a wand of charming (10)
 P - a wand of acid (9)
Scrolls
 d - 6 scrolls of fog
 g - a scroll of summoning
 s - 2 scrolls of enchant weapon
 u - a scroll of brand weapon
 w - 3 scrolls of amnesia
 H - a scroll of fear
 I - a scroll of blinking
 O - a scroll of magic mapping
 Q - 3 scrolls of holy word
 S - 9 scrolls of teleportation
Potions
 b - 5 potions of brilliance
 c - 8 potions of curing
 h - 4 potions of might
 k - 2 potions of lignification
 m - 3 potions of flight
 n - 7 potions of heal wounds
 p - 3 potions of magic
 r - a potion of cancellation
 v - a potion of berserk rage
 x - 4 potions of haste
 B - 3 potions of ambrosia
Miscellaneous
 z - a condenser vane
 V - a lightning rod (4/4)


   Skills:
 - Level 4.0 Fighting
 - Level 4.6 Armour
 - Level 9.9 Dodging
 - Level 2.4 Stealth
 - Level 4.0 Shields
 + Level 14.2 Spellcasting
 - Level 13.8 Conjurations
 - Level 17.0 Hexes
 - Level 6.5 Translocations
 - Level 12.9 Fire Magic
 - Level 11.7 Ice Magic
 - Level 3.0 Air Magic
 - Level 2.0 Poison Magic
 - Level 10.1 Invocations
 - Level 5.1 Evocations


You had 7 spell levels left.
You knew the following spells:

 Your Spells              Type           Power      Damage    Failure   Level
a - Magic Dart            Conj           100%       1d8       0%          1
b - Searing Ray           Conj           100%       3d7       0%          2
c - Fulminant Prism       Conj/Hex       41%        3d20      1%          4
d - Iskenderun's Mystic   Conj/Tloc      68%        2d14      1%          4
e - Freezing Cloud        Conj/Ice/Air   33%        6-21      1%          5
f - Poisonous Vapours     Pois/Air       100%       N/A       1%          2
g - Fireball              Conj/Fire      39%        3d16      1%          5
h - Starburst             Conj/Fire      39%        6d11      1%          6
i - Conjure Flame         Conj/Fire      78%        6-21      1%          3
j - Sticky Flame          Conj/Fire      78%        2d9       1%          4

Your spell library contained the following spells:

 Spells                   Type           Power      Damage    Failure   Level
 Corona                   Hex            96%        N/A       0%          1
 Foxfire                  Conj/Fire      100%       2x1d9     0%          1
 Apportation              Tloc           100%       N/A       1%          1
 Shock                    Conj/Air       100%       1d9       1%          1
 Blink                    Tloc           N/A        N/A       1%          2
 Static Discharge         Conj/Air       62%        N/A       1%          2
 Dazzling Flash           Conj/Hex       100%       N/A       1%          3
 Inner Flame              Hex/Fire       82%        N/A       1%          3
 Stone Arrow              Conj/Erth      100%       3d13      1%          3
 Silence                  Hex/Air        34%        N/A       1%          5
 Corpse Rot               Necr/Air       N/A        N/A       2%          2
 Summon Ice Beast         Ice/Summ       53%        N/A       2%          4
 Bolt of Magma            Conj/Fire/Erth 32%        4d14      2%          5
 Summon Mana Viper        Hex/Summ       63%        N/A       2%          5
 Animate Skeleton         Necr           40%        N/A       3%          1
 Summon Small Mammal      Summ           80%        N/A       3%          1
 Manifold Assault         Tloc           55%        N/A       6%          5
 Orb of Destruction       Conj           39%        9d13      9%          7
 Summon Forest            Summ/Tloc      19%        N/A       24%         5
 Animate Armour           Summ/Erth      40%        N/A       32%         4
 Animate Dead             Necr           10%        N/A       32%         4
 Agony                    Necr           20%        N/A       65%         5
 Shadow Creatures         Summ           N/A        N/A       99%         6
 Malign Gateway           Summ/Tloc      19%        N/A       100%        7
 Storm Form               Tmut/Air       14%        N/A       100%        7
 Lehudib's Crystal Spear  Conj/Erth      28%        10d8      100%        8
 Summon Horrible Things   Summ           10%        N/A       100%        8
 Polar Vortex             Ice            36%        N/A       100%        9


Dungeon Overview and Level Annotations

Branches:
Dungeon (15/15)            Temple (1/1) D:4            Lair (6/6) D:10
 Shoals (0/4) Lair:2        Snake (1/4) Lair:3        Slime (0/5) Lair:6
    Orc (2/2) D:9             Elf (0/3) Orc:2        Vaults (0/5) D:13
 Depths (0/5) D:15          Sewer (visited)           IceCv (visited)

Altars:
Ashenzari
Cheibriados
Dithmenos
Elyvilon
Fedhas
Gozag
Hepliaklqana
Kikubaaqudgha
Makhleb
Nemelex Xobeh
Okawaru
Qazlal
Ru
Sif Muna
Trog
Uskayaw
Vehumet
Wu Jian
Xom
Yredelemnul
Zin
The Shining One
Lugonu

Shops:
D:3 :   D:6 *   D:9 :   Snake:1 ((?

Portals:
Abyss: Lair:6

Annotations:
Lair:2 1 runed translucent door, IBeShadow's ghost, journeyman TeAE
Lair:5 2 transporters
Orc:2 Saint Roka


Innate Abilities, Weirdness & Mutations

You have sharp toenails.
Your muscles are strong. (Str +2)


Message History

The naga ritualist is engulfed in freezing vapours.
The black mamba is engulfed in freezing vapours.
The black mamba seems to slow down.
You kill the black mamba!
Sif Muna accepts your kill.
The naga sharpshooter is engulfed in freezing vapours.
The naga sharpshooter shoots an arrow.
You block the arrow.
The naga sharpshooter is engulfed in freezing vapours.
The naga sharpshooter gestures wildly while chanting.
The naga sharpshooter magically shoots an arrow.
The arrow hits you but does no damage.
The naga sharpshooter unwields a +2 dire flail of holy wrath.
It stops glowing.
The naga sharpshooter wields a +0 arbalest.
The naga sharpshooter shoots a bolt.
The bolt hits you!
The naga sharpshooter is engulfed in freezing vapours.
The naga sharpshooter spits poison at you.
The splash of poison hits you but does no damage.
You resist.
The naga ritualist is engulfed in freezing vapours.
The naga sharpshooter is engulfed in freezing vapours.
The naga sharpshooter shoots an arrow.
You block the arrow.
The naga sharpshooter is engulfed in freezing vapours.
The naga sharpshooter shoots an arrow.
You block the arrow.
The naga sharpshooter shoots a bolt.
The bolt hits you!!
* * * LOW HITPOINT WARNING * * *
The naga sharpshooter is engulfed in freezing vapours.
The naga sharpshooter shoots an arrow.
The arrow completely misses you.
The naga ritualist is engulfed in freezing vapours.
The naga ritualist spits poison at you.
The splash of poison hits you but does no damage.
You resist.
The naga sharpshooter is engulfed in freezing vapours.
The naga sharpshooter gestures wildly while chanting.
The naga sharpshooter magically shoots an arrow.
The arrow completely misses you.
The naga sharpshooter gestures wildly while chanting.
The naga sharpshooter magically shoots a bolt.
The bolt hits you!!
You die...

#####.########.# #.# #.#
#.# #####.# #.# #.....#
#.# #..##.# #.# #..##.#
#.# #..##.# #.# #..##.#
#@## #..##.#######
§§§§§).§..##..##.##.....
§N§§§§§..........##.####
§§§§§§§..........##.
N§§N§§§...##..##.##.## #
N§§§§....###..##..#..# #
.§§§§...## #..##..#..###
..§....## #..##.##...#.
#..######.###


You could see 3 naga sharpshooters and a naga ritualist (catching breath).

Vanquished Creatures
  An azure jelly (IceCv)
  The ghost of IBeShadow the Stormcaller, a journeyman TeAE of Vehumet (D:13)
  Nessos (D:14)
  2 quicksilver oozes (IceCv)
  Azrael (D:14)
  Josephine (Orc:2)
  An ice dragon (D:15)
  A boulder beetle (D:7)
  5 hydras
  4 centaur warriors
  An anaconda (Snake:1)
  5 two-headed ogres
  A death yak (Lair:4)
  8 tengu warriors
  A death knight (D:13)
  4 orc high priests (Orc:2)
  Urug (Lair:4)
  A shock serpent (Snake:1)
  3 thrashing horrors (Lair:6)
  Nergalle (Lair:2)
  A salamander mystic (D:11)
  4 skeletal warriors
  A naga ritualist (Snake:1)
  11 orc knights
  A phantasmal warrior (D:13)
  A wolf spider zombie (D:15)
  A necromancer (D:15)
  A mana viper (Snake:1)
  3 oklob plants (Lair:1)
  5 deep elf pyromancers
  9 cyclopes
  4 deep elf zephyrmancers
  4 orc sorcerers
  8 ugly things
  An orb spider (shapeshifter) (D:14)
  5 salamanders
  2 moths of wrath (shapeshifter)
  6 elephants
  2 manticores
  3 ice statues (IceCv)
  A guardian serpent (shapeshifter) (D:13)
  14 black mambas
  2 smoke demons (Lair:6)
  2 naga magi (D:15)
  A yaktaur (D:15)
  13 cane toads
  An unseen horror (D:12)
  3 torpor snails
  11 komodo dragons
  4 gargoyles
  3 rime drakes
  2 tengu conjurers (D:15)
  2 freezing wraiths
  2 ice devils (D:11)
  2 entropy weaver simulacra (IceCv)
  A wolf spider simulacrum (D:15)
  11 trolls
  Prince Ribbit (D:7)
  2 ancient zymes (Lair:6)
  4 polar bears
  A wind drake (Lair:2)
  24 slime creatures
  9 dream sheep
  37 blink frogs
  2 meliai zombies (D:12)
  2 large abominations (Lair:6)
  A vampire (D:14)
  Sigmund (D:3)
  A shadow (D:11)
  2 water elementals
  2 ynoxinuls (Lair:6)
  A spriggan (Lair:6)
  9 wraiths
  8 wyverns
  9 basilisks
  7 small abominations (Lair:6)
  56 yaks
  3 fire elementals (D:14)
  A basilisk (shapeshifter) (Lair:6)
  A human (shapeshifter) (D:13)
  4 vampire mosquitoes
  A hog (shapeshifter) (D:14)
  2 steam dragons
  3 wargs
  Menkaure (D:5)
  4 neqoxecs (D:13)
  A chaos spawn (Lair:6)
  4 nagas
  The ghost of aster the Slasher, an amateur TeGl (D:7)
  A demonic crawler simulacrum (IceCv)
  A floating eye (Lair:1)
  2 acid dragons
  2 hell hounds (D:14)
  19 water moccasins
  Duvessa (D:5)
  A meliai simulacrum (D:15)
  6 black bears
  33 orc warriors
  An ice beast (D:6)
  A black bear (shapeshifter) (D:13)
  5 ugly thing simulacra (IceCv)
  7 ogres
  3 necrophages
  10 wolves
  6 centaurs
  A phantom (D:5)
  Blork the orc (D:6)
  2 kobold brigands
  8 bullfrogs
  2 glowing shapeshifter simulacra (IceCv)
  Dowan (D:5)
  3 gnoll sergeants
  A scorpion (D:7)
  2 wyvern skeletons (D:7)
  12 killer bees
  18 wights
  3 vampire bats (Lair:3)
  6 electric eels
  7 howler monkeys
  20 centaur zombies
  4 quasits (D:13)
  27 orc priests
  5 hounds
  Crazy Yiuf (D:3)
  A bullfrog skeleton (D:6)
  4 jellies
  2 centaur skeletons
  A gnoll shaman (D:8)
  7 iguanas
  Jessica (D:2)
  Ijyb (D:3)
  25 orc wizards
  A howler monkey zombie (D:8)
  25 gnolls
  A howler monkey skeleton (D:7)
  2 adders
  A river rat (Sewer)
  A white imp (D:6)
  2 ufetubi (D:5)
  4 dart slugs
  46 orcs
  3 endoplasms
  6 giant cockroaches
  5 goblins
  10 hobgoblins
  4 jackals
  3 quokkas
  10 ball pythons
  19 bats
  2 frilled lizards (D:1)
  10 kobolds
  9 rats
  6 bushes
832 creatures vanquished.

Vanquished Creatures (others)
  A wizard (D:10)
  An orc priest (Orc:2)
  A bush (Lair:1)
  65 fulminant prisms
  71 fungi
  137 plants
276 creatures vanquished.

Grand Total: 1108 creatures vanquished

Notes
Turn   | Place    | Note
-------+----------+-------------------------------------------
     0 | D:1      | bnorton916 the Deep Elf Conjurer began the quest for the
                  | Orb.
     0 | D:1      | Reached XP level 1. HP: 10/10 MP: 6/6
   152 | D:1      | Reached XP level 2. HP: 15/15 MP: 4/8
   720 | D:2      | Learned a level 2 spell: Searing Ray
   830 | D:2      | Reached skill level 5 in Conjurations
   830 | D:2      | Reached XP level 3. HP: 18/19 MP: 6/10
   993 | D:2      | Noticed Jessica
   997 | D:2      | Killed Jessica
  1057 | D:2      | You fall into a shaft and drop 2 floors!
  1088 | D:4      | Found a stormy altar of Qazlal.
  1125 | D:4      | Found a staircase to the Ecumenical Temple.
  1132 | Temple   | Entered the Ecumenical Temple
  1363 | Temple   | Became a worshipper of Sif Muna the Loreminder
  1401 | D:4      | Reached XP level 4. HP: 24/24 MP: 7/12
  1521 | D:4      | Found a burning altar of Makhleb.
  1618 | D:4      | Reached skill level 5 in Spellcasting
  1786 | D:3      | Noticed Ijyb
  1787 | D:3      | Paralysed by Ijyb for 7 turns
  1799 | D:3      | Killed Ijyb
  1800 | D:3      | Reached XP level 5. HP: 11/28 MP: 4/14
  2005 | D:3      | Found a hide-covered altar of Uskayaw.
  2005 | D:3      | Noticed a +0 spear
  2005 | D:3      | Noticed a +0 spear
  2005 | D:3      | Noticed a +0 falchion
  2005 | D:3      | Noticed a +0 falchion
  2007 | D:3      | Noticed a +0 dagger
  2008 | D:3      | Noticed a +0 short sword
  2010 | D:3      | Noticed a +0 short sword
  2010 | D:3      | Noticed a +0 dagger
  2176 | D:3      | Found a glowing drain.
  2195 | Sewer    | Entered a sewer
  2441 | Sewer    | Learned a level 4 spell: Fulminant Prism
  2446 | Sewer    | Learned a level 4 spell: Iskenderun's Mystic Blast
  2469 | Sewer    | Reached * piety under Sif Muna
  2486 | Sewer    | Reached skill level 2 in Hexes
  2486 | Sewer    | Reached skill level 1 in Translocations
  2948 | Sewer    | Found a white marble altar of Elyvilon.
  3028 | D:3      | Found Asat's Book Boutique.
  3112 | D:3      | Reached XP level 6. HP: 32/32 MP: 5/16
  3330 | D:3      | Reached skill level 3 in Hexes
  3434 | D:3      | Noticed Sigmund
  3438 | D:3      | Killed Sigmund
  3439 | D:3      | Reached skill level 4 in Hexes
  3439 | D:3      | Reached XP level 7. HP: 32/36 MP: 11/17
  3772 | D:3      | Found a runed translucent door.
  3773 | D:3      | Noticed Crazy Yiuf
  4248 | D:2      | Found a faded altar of an unknown god.
  4761 | D:4      | Reached skill level 5 in Hexes
  4961 | D:4      | Found a snail-covered altar of Cheibriados.
  4972 | D:4      | Reached ** piety under Sif Muna
  5105 | D:4      | Reached skill level 6 in Hexes
  5105 | D:4      | Reached skill level 5 in Translocations
  5401 | D:5      | Entered Level 5 of the Dungeon
  5501 | D:5      | HP: 1/36 [black bear (3)]
  5503 | D:5      | Reached skill level 7 in Hexes
  5503 | D:5      | Reached XP level 8. HP: 1/41 MP: 8/18
  5887 | D:5      | Noticed Dowan
  5889 | D:5      | Noticed Duvessa
  5895 | D:5      | Killed Duvessa
  5900 | D:5      | Killed Dowan
  6259 | D:5      | Reached skill level 1 in Invocations
  6487 | D:5      | Reached skill level 1 in Armour
  6790 | D:5      | Noticed Menkaure
  6815 | D:5      | Killed Menkaure
  7909 | D:6      | Noticed Blork the orc
  7914 | D:6      | Killed Blork the orc
  7922 | D:6      | Reached XP level 9. HP: 45/45 MP: 6/19
  8152 | D:6      | Reached skill level 5 in Dodging
  8572 | D:6      | Found a sacrificial altar of Ru.
  8675 | D:6      | Reached *** piety under Sif Muna
  8995 | D:6      | Found Kunk's General Store.
  9135 | D:6      | Reached skill level 5 in Invocations
  9750 | D:7      | Found a runed translucent door.
  9751 | D:7      | Noticed aster's ghost (amateur TeGl)
  9767 | D:7      | Found a radiant altar of Vehumet.
  9767 | D:7      | Noticed Prince Ribbit
  9774 | D:7      | Killed Prince Ribbit
  9941 | D:7      | Noticed a boulder beetle
 10633 | D:7      | Reached XP level 10. HP: 50/50 MP: 7/20
 12041 | D:8      | Reached **** piety under Sif Muna
 12799 | D:9      | Found a staircase to the Orcish Mines.
 13457 | D:9      | Found Emoitu's Self-Improvement Boutique.
 13620 | D:9      | Found a sparkling altar of Nemelex Xobeh.
 14017 | D:9      | Found a blossoming altar of Fedhas.
 14030 | D:9      | Learned a level 5 spell: Freezing Cloud
 14033 | D:9      | Learned a level 2 spell: Poisonous Vapours
 14199 | D:10     | Entered Level 10 of the Dungeon
 14302 | D:10     | Noticed a two-headed ogre
 14313 | D:10     | Killed a two-headed ogre
 14314 | D:10     | Reached skill level 1 in Fighting
 14314 | D:10     | Reached skill level 1 in Shields
 14314 | D:10     | Reached skill level 1 in Ice Magic
 14314 | D:10     | Reached skill level 1 in Poison Magic
 14489 | D:10     | Noticed a two-headed ogre
 14499 | D:10     | Killed a two-headed ogre
 14500 | D:10     | Reached XP level 11. HP: 18/57 MP: 1/21
 15380 | D:10     | Noticed a centaur warrior
 15413 | D:10     | Noticed a wizard
 17725 | D:10     | Reached skill level 5 in Ice Magic
 18713 | D:10     | Killed a centaur warrior
 19101 | D:10     | Found a staircase to the Lair.
 19112 | D:10     | Killed a wizard
 19719 | Lair:1   | Entered Level 1 of the Lair of Beasts
 19727 | Lair:1   | Reached skill level 1 in Air Magic
 20066 | Lair:1   | Identified the -6 pair of boots of Roeboakh {rPois Dex-4
                  | Stlth+}
 20600 | Lair:1   | Noticed an eight-headed hydra
 20615 | Lair:1   | Killed an eight-headed hydra
 20616 | Lair:1   | Reached XP level 12. HP: 66/66 MP: 5/22
 21949 | Lair:1   | HP: 2/66 [acid (12)]
 22910 | Lair:1   | Reached skill level 10 in Ice Magic
 24043 | Lair:2   | Found a staircase to the Shoals.
 24631 | Lair:2   | Noticed an eight-headed hydra
 24638 | Lair:2   | Killed an eight-headed hydra
 24998 | Lair:2   | Identified the amulet "Hunlumn" {Spirit rC- Will+ Int+7
                  | SInv}
 25065 | Lair:2   | Noticed Nergalle
 25070 | Lair:2   | Killed Nergalle
 25275 | Lair:2   | Found a runed translucent door.
 25275 | Lair:2   | Noticed IBeShadow's ghost (journeyman TeAE)
 25281 | Lair:2   | Noticed a four-headed hydra
 25289 | Lair:2   | Killed a four-headed hydra
 26176 | Lair:3   | Reached skill level 10 in Conjurations
 26176 | Lair:3   | Reached XP level 13. HP: 70/70 MP: 18/23
 26383 | Lair:3   | Found a staircase to the Snake Pit.
 26530 | Lair:3   | Reached ***** piety under Sif Muna
 27582 | Lair:3   | Received a gift from Sif Muna
 27737 | Lair:3   | Got Dibreod's Catalogue of Flames {god gift}
 27744 | Lair:3   | Learned a level 5 spell: Fireball
 27855 | Lair:4   | Reached skill level 1 in Fire Magic
 28731 | Lair:4   | Noticed Urug
 28741 | Lair:4   | Killed Urug
 30092 | Lair:4   | Reached skill level 5 in Fire Magic
 31787 | Lair:5   | Found a transporter.
 31804 | Lair:5   | Found a transporter.
 32031 | Lair:6   | Entered Level 6 of the Lair of Beasts
 32792 | Lair:6   | Reached XP level 14. HP: 76/76 MP: 18/24
 32843 | Lair:6   | Found a staircase to the Slime Pits.
 35533 | Lair:6   | Received a gift from Sif Muna
 35536 | Lair:6   | Got Sif Muna's Incunabulum of Hurtful Snow {god gift}
 39263 | Lair:6   | Found a one-way gate to the infinite horrors of the Abyss.
 39264 | Lair:6   | Found a corrupted altar of Lugonu.
 39612 | Lair:6   | Learned a level 6 spell: Starburst
 41257 | D:3      | Killed Crazy Yiuf
 41763 | D:7      | Killed aster's ghost
 42009 | D:7      | Identified the +4 short sword of the Ghost {vorpal, rElec
                  | rCorr}
 42487 | Orc:1    | Entered Level 1 of the Orcish Mines
 43489 | Orc:1    | Reached skill level 10 in Fire Magic
 46062 | Orc:2    | Entered Level 2 of the Orcish Mines
 46062 | Orc:2    | Found a staircase to the Elven Halls.
 46066 | Orc:2    | Reached skill level 10 in Spellcasting
 46925 | Orc:2    | Paralysed by an orc sorcerer for 6 turns
 47632 | Orc:2    | Noticed Josephine
 48762 | Orc:2    | Reached XP level 15. HP: 74/80 MP: 17/32
 49000 | Orc:2    | Killed Josephine
 49057 | Orc:2    | Noticed Saint Roka
 51876 | D:11     | Found a frozen archway.
 51940 | IceCv    | Entered an ice cave
 52198 | IceCv    | Learned a level 3 spell: Conjure Flame
 52882 | IceCv    | Received a gift from Sif Muna
 53212 | IceCv    | Got Sif Muna's Papyrus of Twisted Combat Magic {god gift}
 53226 | IceCv    | Learned a level 4 spell: Sticky Flame
 54183 | IceCv    | Noticed an azure jelly
 54203 | IceCv    | Killed an azure jelly
 54702 | IceCv    | Found a viscous altar of Jiyva.
 54719 | IceCv    | Got the ring of Ibet {Ice +Blink rElec Str+5}
 54728 | IceCv    | Identified the +4 ice dragon scales of Dramatic Exits
                  | {+Blink rElec rF- rC++ Int-3 Stlth+}
 55335 | D:11     | Identified the +2 leather armour of the Unseen Realm {Fly
                  | Int-4 Dex+9}
 56589 | D:11     | Found the +3 salamander hide armour {Flames rF++ rC--}
 57369 | D:11     | Identified the +10 hunting sling of Makhleb's Envy {flame,
                  | rPois rC- Dex+6 SInv}
 58060 | D:9      | Bought a manual of Hexes for 960 gold pieces
 58142 | D:11     | Reached skill level 8 in Hexes
 58481 | D:12     | Reached skill level 9 in Hexes
 58929 | D:12     | Reached skill level 10 in Hexes
 59349 | D:12     | Reached skill level 11 in Hexes
 59924 | D:12     | Reached skill level 12 in Hexes
 59997 | D:12     | Found a basalt altar of Yredelemnul.
 62217 | D:13     | Reached skill level 13 in Hexes
 62862 | D:13     | Identified the +0 plate armour of Hairiness {Str+6}
 62915 | D:13     | Reached skill level 14 in Hexes
 63460 | D:13     | Noticed IBeShadow's ghost (journeyman TeAE)
 63663 | D:13     | Found a transporter.
 63688 | D:13     | Found a transporter.
 63729 | D:13     | Gained mutation: Your body sometimes deteriorates upon
                  | taking damage. [a neqoxec]
 63732 | D:13     | Killed IBeShadow's ghost
 63733 | D:13     | Reached skill level 15 in Hexes
 63733 | D:13     | Reached XP level 16. HP: 81/84 MP: 5/35
 63734 | D:13     | Identified the ring of Xom's Full Attention {rN+ Str+3
                  | Dex+6}
 63931 | D:13     | Found a gate to the Vaults.
 64069 | D:14     | Identified a scroll of acquirement
 64069 | D:14     | Acquired the +9 staff of Olgreb {rPois∞}
 64069 | D:14     | Found the +9 staff of Olgreb {rPois∞}
 64144 | D:14     | Reached skill level 1 in Evocations
 64582 | D:14     | Noticed Nessos
 64586 | D:14     | Killed Nessos
 64719 | D:14     | Noticed Azrael
 64730 | D:14     | Killed Azrael
 66328 | D:15     | Entered Level 15 of the Dungeon
 67000 | D:15     | Reached skill level 16 in Hexes
 69177 | D:15     | Reached skill level 10 in Invocations
 69205 | D:15     | Received a gift from Sif Muna
 69733 | D:15     | Got Sif Muna's Compendium of Confrontation and the Birds
                  | {god gift}
 69746 | D:15     | Found a staircase to the Depths.
 69795 | D:15     | Reached skill level 5 in Evocations
 71005 | Snake:1  | Entered Level 1 of the Snake Pit
 71011 | Snake:1  | Reached skill level 17 in Hexes
 71790 | Lair:1   | Lost mutation: Your body sometimes deteriorates upon taking
                  | damage. [potion of mutation]
 71790 | Lair:1   | Gained mutation: You are frail. (-10% HP) [potion of
                  | mutation]
 71791 | Lair:1   | Lost mutation: You are frail. (-10% HP) [potion of
                  | mutation]
 71791 | Lair:1   | Gained mutation: You sometimes lose the ability to read
                  | scrolls when taking damage. [potion of mutation]
 71791 | Lair:1   | Gained mutation: You possess an exceptional clarity of
                  | mind. [potion of mutation]
 71792 | Lair:1   | Lost mutation: You sometimes lose the ability to read
                  | scrolls when taking damage. [potion of mutation]
 71792 | Lair:1   | Lost mutation: You possess an exceptional clarity of mind.
                  | [potion of mutation]
 71792 | Lair:1   | Gained mutation: You have sharp toenails. [potion of
                  | mutation]
 71792 | Lair:1   | Gained mutation: Your muscles are strong. (Str +2) [potion
                  | of mutation]
 72210 | Snake:1  | Found Zeluarr's Antique Weapon Emporium.
 72214 | Snake:1  | Found Ruqubbop's Antique Weapon Shoppe.
 72216 | Snake:1  | Found Puw Zeu's Magic Scroll Emporium.
 72224 | Snake:1  | Bought a scroll of summoning for 142 gold pieces
 72224 | Snake:1  | Bought a scroll of identify for 30 gold pieces
 73162 | Snake:1  | Shot with a bolt by a naga sharpshooter

Illustrated notes

Levels and vault maps discovered:
D:1:      dpeg_arrival_rooms_b, layout_rooms
D:2:      layout_basic, basic_ecumenical_altar, uniq_jessica
D:3:      layout_loops_corners, nicolae_uskayaw_en_pointe, portal_sewer_entry_f,
          serial_shops, shop, lemuel_old_faithful, uniq_ijyb,
          uniq_crazy_yiuf_cottage, uniq_sigmund
D:4:      layout_cave_pods, general_overflow_altar, cheibriados_altar_1,
          nicolae_overflow_crystal_walls, minmay_temple_entry_gardened_gates,
          cheibrodos_gnoll_hut
D:5:      layout_basic, uniq_menkaure, uniq_duvessa
D:6:      layout_gridville, mainiacjoe_overflow_alcove_4, serial_shops, shop,
          mrwooster_statue_mirror, chequers_jeans, minmay_misc_feat_hallway,
          uniq_blork_the_orc
D:7:      layout_basic, nicolae_vehumet_radiance, ebering_ghost_inner_flame,
          nrook_mini_vaults, uniq_prince_ribbit1
D:8:      layout_rooms
D:9:      layout_roguey, mainiacjoe_overflow_cross_hatched,
          mainiacjoe_overflow_chevrons, orc_0_dummy, enter_bailey_4,
          nicolae_shop_self_help
D:10:     nzn_winding_woodlands_small [nzn_winding_woodlands_5x15_jagged,
          nzn_winding_woodlands_center_garden,
          nzn_winding_woodlands_5x15_zeroes], layout_basic,
          minmay_lair_entry_grove
D:11:     minmay_the_grid_plus [minmay_the_grid_medium_cups,
          minmay_the_grid_aliased_spiral, minmay_the_grid_spikes,
          minmay_the_grid_doors, minmay_the_grid_prize_inner_circle],
          layout_basic, portal_ice_cave_demonic_guard, serial_park_tiny_2,
          hellmonk_guarded_unrand_salamander
D:12:     layout_irregular_city, serial_bayou, serial_bayou_pond_a,
          serial_bayou_lagoon_a, serial_bayou_pond_c, serial_bayou_shore_a,
          serial_bayou_pond_e, serial_bayou_pond_b,
          nicolae_yredelemnul_corpse_copse
D:13:     layout_basic, david_vaults_2, gammafunk_ghost_stat_death
D:14:     layout_roguey, kennysheep_donut, uniq_nessos, uniq_azrael
D:15:     grunt_enter_depths_magical_seal, layout_basic, corexii_hall_statues_i
Temple:   dpeg_chambers_temple
Lair:1:   layout_gridlike, disabler_island, grunt_megastairs_4
Lair:2:   layout_regular_city, minmay_shoals_entry_beasts,
          hellmonk_ghost_happy_afterlife, infiniplex_staircase_pool_2,
          uniq_nergalle
Lair:3:   layout_long_grid, minmay_snake_entry_guardpost_small, roderic_batcave
Lair:4:   layout_gridlike, serial_bayou_shore_b, uniq_urug
Lair:5:   gammafunk_boulding_lane, layout_cave_pods, grunt_megastairs_1
Lair:6:   hellmonk_lair_end_abyssal_woods, layout_cave_pods, slime_dummy,
          serial_rivers, chequers_serial_rivers_micro_c,
          chequers_serial_rivers_micro_a, chequers_serial_rivers_room_a,
          chequers_serial_rivers_micro_e, chequers_serial_rivers_marsh,
          chequers_serial_rivers_small_b, chequers_serial_rivers_micro_b
Snake:1:  layout_gridlike, st_stairs_10, minmay_shop_star, serial_bayou_shore_b,
          grunt_megastairs_3, serial_bayou_shore_b
Orc:1:    layout_diamond_mine, special_room [special_room_orc]
Orc:2:    st_orc_mages, layout_caves, elves_outpost_lemuel, uniq_josephine,
          uniq_saint_roka

Skill      XL: |  1  2  3  4  5  6  7  8  9 10 11 12 13 14 15 16 |
---------------+-------------------------------------------------+-----
Spellcasting   | 4 5 11 13 14 | 14.2
Conjurations   | 5 6 10 13 | 13.8
Hexes          | 2 4 7 15 17 | 17.0
Translocations | 2 3 5 6 |  6.5
Invocations    | 3 6 8 10 | 10.1
Armour         | 2 4 |  4.6
Dodging        | 4 7 9 |  9.9
Fighting       | 2 4 |  4.0
Shields        | 2 4 |  4.0
Ice Magic      | 2 8 11 | 11.7
Poison Magic   | 2 |  2.0
Air Magic      | 3 |  3.0
Fire Magic     | 7 11 12 | 12.9
Evocations     | 5 |  5.1
Stealth        | |  2.4

Action                   |  1- 3 |  4- 6 |  7- 9 | 10-12 | 13-15 | 16-18 || total
-------------------------+-------+-------+-------+-------+-------+-------++-------
Melee: Dagger            |       |     6 |       |    81 |   189 |       ||   276
       Staff             |       |       |       |       |       |    21 ||    21
 Cast: Magic Dart        |    66 |    44 |   133 |   133 |    95 |     1 ||   472
       Searing Ray       |       |    17 |    52 |    89 |    53 |     4 ||   215
       Iskenderun's Myst |       |       |     5 |    56 |   148 |    27 ||   236
       Fulminant Prism   |       |       |     6 |    44 |    12 |     4 ||    66
       Freezing Cloud    |       |       |       |    28 |   233 |    41 ||   302
       Poisonous Vapours |       |       |       |     2 |    19 |       ||    21
       Fireball          |       |       |       |       |    91 |    14 ||   105
       Starburst         |       |       |       |       |    28 |    40 ||    68
       Sticky Flame      |       |       |       |       |     2 |       ||     2
Evoke: Wand              |       |       |     1 |     5 |     5 |       ||    11
  Use: Scroll            |       |     1 |     5 |    10 |     6 |     5 ||    27
       Potion            |       |       |       |     4 |       |     3 ||     7
Armor: Robe              |       |    10 |     7 |       |       |       ||    17
       Steam dragon scal |       |       |    14 |    15 |       |       ||    29
       Troll leather arm |       |       |       |    78 |   198 |    28 ||   304
Dodge: Dodged            |     6 |    17 |    55 |   299 |   418 |    77 ||   872
Block: Buckler           |       |       |       |       |   211 |    41 ||   252
